[Event "Titled Tuesday Blitz April 18 Late 2023"]
[White "Leenhouts, Koen"]
[Black "Hauge, Lars Oskar"]
[WhiteFideId "1008439"]
[BlackFideId "1509276"]
[WhiteElo "2409"]
[BlackElo "2431"]
[Result "1-0"]
[Round "02"]
[TimeControl "180+2"]
[Date "2023.04.18"]
[WhiteClock "0:00:26"]
[BlackClock "0:01:26"]

1. c4 e5 2. Nc3 Nc6 3. g3 g6 4. Bg2 Bg7 5. e4 Nge7 6. Nge2 d6 7. d3 h5 8. h3 Nd4 9. Nxd4 exd4 10. Ne2 Be6 11. b4 Qd7 12. Nf4 c5 13. b5 O-O 14. O-O a6 15. b6 Nc6 16. Nxe6 fxe6 17. Bg5 Rf7 18. f4 Raf8 19. a4 Bf6 20. Bh6 Bg7 21. Bg5 Kh7 22. a5 Bh6 23. Bxh6 Kxh6 24. Qd2 Kg7 25. Rf2 Rf6 26. Raf1 e5 27. f5 Ne7 28. g4 hxg4 29. hxg4 gxf5 30. exf5 d5 31. Qg5+ Kf7 32. Qh5+ Kg8 33. Qg5+ Kf7 34. Qh5+ Kg7 35. cxd5 Nxd5 36. g5 Rd6 37. f6+ Nxf6 38. gxf6+ Rfxf6 39. Rxf6 Rxf6 40. Rxf6 Kxf6 41. Qh6+ Ke7 42. Qg7+ Kd6 43. Qf6+ Qe6 44. Qxe6+ Kxe6 45. Bxb7 1-0


[Site "https://www.chess.com"]

[Event "Titled Tuesday Blitz April 18 Late 2023"]
[White "Gaehwiler, Gabriel"]
[Black "Ladan, Nicholas"]
[WhiteFideId "1314530"]
[BlackFideId "30918855"]
[WhiteElo "2437"]
[BlackElo "2167"]
[Result "1-0"]
[Round "02"]
[TimeControl "180+2"]
[Date "2023.04.18"]
[WhiteClock "0:00:44"]
[BlackClock "0:00:59"]

1. d4 d5 2. c4 e6 3. Nf3 Nf6 4. g3 Be7 5. Bg2 O-O 6. Qc2 c6 7. O-O a5 8. Nbd2 a4 9. e4 Na6 10. e5 Ne8 11. Qxa4 dxc4 12. Qxc4 Nac7 13. Rd1 Nd5 14. Ne4 Bd7 15. Nc5 b6 16. Ne4 c5 17. dxc5 bxc5 18. Bd2 Qb6 19. b3 Bb5 20. Qc2 Nb4 21. Bxb4 cxb4 22. Nfg5 g6 23. h4 Ng7 24. Nf6+ Bxf6 25. exf6 Nh5 26. Bxa8 Rxa8 27. Qe4 Rc8 28. Rac1 Rf8 29. Qe5 h6 30. Ne4 Be2 31. Re1 Bf3 32. Qd6 Qa7 33. Rc7 Qxa2 34. Qxf8+ Kxf8 35. Rc8# 1-0


[Site "https://www.chess.com"]

[Event "Titled Tuesday Blitz April 18 Late 2023"]
[White "Yuan, Qingyu"]
[Black "Mazurkiewicz, Michal"]
[WhiteFideId "8609772"]
[BlackFideId "1124943"]
[WhiteElo "2359"]
[BlackElo "2054"]
[Result "1-0"]
[Round "02"]
[TimeControl "180+2"]
[Date "2023.04.18"]
[WhiteClock "0:00:30"]
[BlackClock "0:00:12"]

1. e4 d6 2. d4 Nf6 3. Nc3 c6 4. f4 Qb6 5. e5 Nd5 6. Nxd5 cxd5 7. c3 Nc6 8. Bd3 g6 9. Nf3 Bg4 10. O-O Bxf3 11. Qxf3 dxe5 12. fxe5 Nxe5 13. Qe2 Nxd3 14. Qxd3 e6 15. Qf3 Qc7 16. Bf4 Qd7 17. Be5 Rg8 18. Rac1 b5 19. b3 Rc8 20. Rc2 f5 21. c4 bxc4 22. bxc4 Kf7 23. c5 Bg7 24. Qe3 Bxe5 25. Qxe5 Rc6 26. Rb2 Rgc8 27. h3 Qc7 28. Qe3 Rb8 29. Rfb1 Rxb2 30. Rxb2 Kg7 31. Rb5 a6 32. Rb4 e5 33. Qb3 exd4 34. Rb7 Rxc5 35. Rxc7+ Rxc7 36. Qxd5 Rc1+ 37. Kh2 Rd1 38. Qb7+ Kh6 39. Qxa6 d3 40. Qa4 Re1 41. Qh4+ 1-0


[Site "https://www.chess.com"]

[Event "Titled Tuesday Blitz April 18 Late 2023"]
[White "Pein, Jonathan"]
[Black "Makridis, Dimitrios"]
[WhiteFideId "417092"]
[BlackFideId "25864475"]
[WhiteElo "2151"]
[BlackElo "2277"]
[Result "0-1"]
[Round "02"]
[TimeControl "180+2"]
[Date "2023.04.18"]
[WhiteClock "0:00:04"]
[BlackClock "0:01:08"]

1. e4 c5 2. Nf3 e6 3. d3 Nc6 4. g3 g6 5. d4 cxd4 6. Nxd4 d5 7. Nxc6 bxc6 8. Bg2 Bg7 9. O-O Nf6 10. exd5 cxd5 11. c4 O-O 12. Nc3 Bb7 13. Bg5 Rc8 14. cxd5 exd5 15. Qd4 h6 16. Bxf6 Bxf6 17. Qxa7 Ba8 18. Rad1 d4 19. Ne4 Bg7 20. b3 Bd5 21. Rd2 f5 22. Nc5 Rf7 23. Qa6 Rxc5 24. Qxg6 Bxg2 25. Kxg2 Qd5+ 26. Kg1 Rc6 27. Qh5 Qe6 28. Re2 Qg6 29. Re8+ Kh7 30. Qxg6+ Kxg6 31. Rb8 Rd7 32. Rd1 d3 33. Re8 d2 34. Kf1 Kf7 35. Re3 Rc2 36. Ke2 Rxa2 37. Rd3 Re7+ 38. Kf3 Rb7 39. R1xd2 Rxd2 40. Rxd2 Rxb3+ 41. Kf4 Ke6 42. Re2+ Kf6 43. Rc2 Rb4+ 44. Kf3 Bf8 45. Rc6+ Kf7 46. h3 h5 47. Rc7+ Ke6 48. Rh7 h4 49. Rxh4 Rxh4 50. gxh4 Kf6 51. Kf4 Bd6+ 52. Kf3 Kg6 53. Ke3 Kh5 54. Kf3 Kxh4 55. Kg2 Be5 56. Kf3 Kxh3 57. Ke3 Kg2 58. Ke2 f4 59. Ke1 f3 60. Kd1 Kxf2 0-1


[Site "https://www.chess.com"]

[Event "Titled Tuesday Blitz April 18 Late 2023"]
[White "Oganian, Miran"]
[Black "KorolDimitriy75"]
[WhiteFideId "4122488"]
[WhiteElo "2323"]
[BlackElo "2402"]
[Result "1-0"]
[Round "02"]
[TimeControl "180+2"]
[Date "2023.04.18"]
[WhiteClock "0:00:36"]
[BlackClock "0:00:01"]

1. e4 c5 2. Nf3 d6 3. Bb5+ Nd7 4. d4 Nf6 5. e5 cxd4 6. Qxd4 dxe5 7. Nxe5 g6 8. O-O Bg7 9. Nxd7 Bxd7 10. Bxd7+ Qxd7 11. Qh4 O-O 12. Nc3 Rfd8 13. Bh6 Qf5 14. Bxg7 Kxg7 15. Rac1 Rd2 16. Qb4 b6 17. Qxe7 Rxc2 18. Rxc2 Qxc2 19. Qe5 Re8 20. Qb5 Rd8 21. h3 Rd2 22. g4 h6 23. Na4 Rd5 24. Qb4 a5 25. Qb3 Qxb3 26. axb3 Rd3 27. Nxb6 Rxb3 28. Nc4 Rb4 29. Rc1 a4 30. Rc2 Nd5 31. Ne5 Nf4 32. Rc7 Nxh3+ 33. Kh2 Ng5 34. Kg3 Rb3+ 35. f3 Rxb2 36. f4 Rb3+ 37. Kg2 Ne4 38. Rxf7+ Kg8 39. Ra7 a3 40. Nxg6 Rg3+ 41. Kh2 Rxg4 42. f5 Rg5 43. Kh3 Nd6 44. Ne7+ Kf8 45. Ng6+ Kg8 46. Ne7+ Kf8 47. f6 Nf5 48. Nc6 Rg6 49. Ra8+ Kf7 50. Ne5+ Kxf6 51. Nxg6 Kxg6 52. Rxa3 Kg5 53. Ra5 h5 54. Kg2 h4 55. Kf3 Kg6 56. Kg4 Ne3+ 57. Kf4 1-0


[Site "https://www.chess.com"]

[Event "Titled Tuesday Blitz April 18 Late 2023"]
[White "Liu, Casper"]
[Black "Thomforde-Toates, Noah"]
[WhiteFideId "1454153"]
[BlackFideId "30951992"]
[WhiteElo "2221"]
[BlackElo "2743"]
[Result "0-1"]
[Round "02"]
[TimeControl "180+2"]
[Date "2023.04.18"]
[WhiteClock "0:00:06"]
[BlackClock "0:00:49"]

1. e4 d6 2. Nc3 Nf6 3. d4 e5 4. Be3 Nbd7 5. f3 c6 6. Qd2 Qc7 7. O-O-O Be7 8. h4 h6 9. g4 b5 10. Kb1 Rb8 11. Nh3 Nb6 12. dxe5 dxe5 13. Qg2 Be6 14. g5 hxg5 15. Nxg5 Bc4 16. Nh3 Bxf1 17. Rhxf1 Nc4 18. Bc1 b4 19. Ne2 Na3+ 20. bxa3 bxa3+ 21. Ka1 Qb6 22. Nc3 Bb4 23. Na4 Qa5 24. Bd2 Qxa4 25. Rb1 O-O 26. Rg1 g6 27. h5 Qxc2 28. Bxb4 Qc4 29. Qd2 c5 30. Qc3 Rxb4 31. Qxc4 Rxc4 32. hxg6 fxg6 33. Rxg6+ Kf7 34. Rg2 Rd8 35. Rb7+ Rd7 36. Ng5+ Ke7 37. Rxd7+ Nxd7 38. Kb1 Rb4+ 39. Kc2 Rb2+ 0-1


[Site "https://www.chess.com"]

[Event "Titled Tuesday Blitz April 18 Late 2023"]
[White "Spata, German"]
[Black "EsmeraldasAnderson03"]
[WhiteFideId "113026"]
[WhiteElo "2238"]
[BlackElo "2376"]
[Result "1-0"]
[Round "02"]
[TimeControl "180+2"]
[Date "2023.04.18"]
[WhiteClock "0:00:13"]
[BlackClock "0:00:18"]

1. Nf3 d5 2. d4 Nf6 3. g3 c5 4. Bg2 cxd4 5. O-O h6 6. Nxd4 e5 7. Nb3 Nc6 8. Nc3 Be6 9. e4 d4 10. Ne2 a5 11. a4 Rc8 12. Bd2 Bb4 13. c3 d3 14. Nec1 Be7 15. Be3 O-O 16. Nc5 Bc4 17. N5xd3 Qc7 18. b3 Ba6 19. c4 Rfd8 20. Qc2 Nd4 21. Bxd4 Rxd4 22. Ne2 Rxe4 23. Bxe4 Nxe4 24. Nc3 Nxc3 25. Qxc3 Bf6 26. Qc2 e4 27. Nf4 Bxa1 28. Rxa1 Qe5 29. Re1 f5 30. Rd1 g5 31. Nd5 Rd8 32. Qd2 Rf8 33. Qxa5 f4 34. Qc7 Qxc7 35. Nxc7 fxg3 36. hxg3 Rf3 37. Nxa6 bxa6 38. Rd6 Rxb3 39. Rxh6 Rc3 40. Rxa6 Rxc4 41. Rg6+ Kf7 42. Rxg5 Rxa4 43. Rg4 Ke6 44. Kg2 Kf5 45. Rf4+ Ke5 46. Rf8 Ra2 47. Rf7 Ke6 48. Rf8 Ke7 49. Rf4 Re2 50. Kf1 Ra2 51. Rxe4+ Kf6 52. Re3 Kg5 53. Rf3 Ra1+ 54. Kg2 Ra4 55. Re3 Rb4 56. Rd3 Ra4 57. Rd5+ Kg6 58. f3 Ra2+ 59. Kh3 Ra1 60. g4 Ra4 61. Kg3 Kf6 62. Rd6+ Ke5 63. Rb6 Ra1 64. Rb5+ Kf6 65. Rb6+ Ke5 66. f4+ Ke4 67. Re6+ Kd5 68. Re5+ Kd4 69. g5 Rg1+ 70. Kf3 Rf1+ 71. Kg4 Rg1+ 72. Kf5 Rg2 73. g6 Rf2 74. Re8 Rg2 75. Kf6 Kd5 76. g7 Kd6 77. g8=Q Rxg8 78. Rxg8 Kd5 79. Re8 1-0


[Site "https://www.chess.com"]

[Event "Titled Tuesday Blitz April 18 Late 2023"]
[White "Buchenau, Frank"]
[Black "Bazeev, German"]
[WhiteFideId "4604350"]
[BlackFideId "24119350"]
[WhiteElo "2157"]
[BlackElo "2466"]
[Result "0-1"]
[Round "02"]
[TimeControl "180+2"]
[Date "2023.04.18"]
[WhiteClock "0:00:09"]
[BlackClock "0:01:16"]

1. e4 c5 2. Nf3 Nf6 3. e5 Nd5 4. Nc3 Nxc3 5. dxc3 Nc6 6. Bf4 Qb6 7. Rb1 e6 8. Bd3 Qc7 9. Qd2 h6 10. h4 b6 11. O-O Bb7 12. Rfe1 O-O-O 13. b4 Be7 14. h5 g5 15. hxg6 fxg6 16. Bxh6 g5 17. Bg7 g4 18. Ng5 Rdg8 19. Bf6 Bxf6 20. exf6 Ne5 21. Be4 Bxe4 22. Nxe4 Nf3+ 23. gxf3 gxf3+ 24. Ng3 Rxg3+ 25. fxg3 Qxg3+ 26. Kf1 Rh1# 0-1


[Site "https://www.chess.com"]

[Event "Titled Tuesday Blitz April 18 Late 2023"]
[White "Begmuratov, Alisher"]
[Black "Szente Varga, Fruzsina"]
[WhiteFideId "14203367"]
[BlackFideId "712264"]
[WhiteElo "2387"]
[BlackElo "1994"]
[Result "1-0"]
[Round "02"]
[TimeControl "180+2"]
[Date "2023.04.18"]
[WhiteClock "0:01:41"]
[BlackClock "0:00:18"]

1. d4 Nf6 2. Nf3 g6 3. Bf4 Bg7 4. e3 O-O 5. Be2 d5 6. O-O c5 7. c3 cxd4 8. exd4 Nc6 9. Nbd2 Ne4 10. Re1 f5 11. Bb5 Kh8 12. Bxc6 bxc6 13. Be5 Qb6 14. Bxg7+ Kxg7 15. Qc2 Ba6 16. Ne5 Qc7 17. f3 Nd6 18. Nb3 f4 19. Nc5 Bc8 20. Re2 Nf5 21. Rae1 Ne3 22. Qd3 Bf5 23. Qxf5 Rxf5 24. Ne6+ Kf6 25. Nxc7 Rb8 26. Ng4+ Kf7 27. Nxe3 fxe3 28. Na6 Rb6 29. Nc5 e5 30. dxe5 Rxe5 31. b4 a5 32. a3 axb4 33. axb4 d4 34. cxd4 Rxc5 35. bxc5 1-0


[Site "https://www.chess.com"]

[Event "Titled Tuesday Blitz April 18 Late 2023"]
[White "Prieto Aranguren, Alain"]
[Black "Djordjevic, Vuk"]
[WhiteFideId "2268906"]
[BlackFideId "902098"]
[WhiteElo "2209"]
[BlackElo "2452"]
[Result "0-1"]
[Round "02"]
[TimeControl "180+2"]
[Date "2023.04.18"]
[WhiteClock "0:00:15"]
[BlackClock "0:00:17"]

1. d4 Nf6 2. c4 e6 3. Nc3 Bb4 4. e3 O-O 5. Bd3 d5 6. Nf3 c5 7. cxd5 exd5 8. dxc5 Bg4 9. Be2 Nbd7 10. O-O Nxc5 11. Nd4 Be6 12. Bf3 Bxc3 13. bxc3 Nce4 14. Ba3 Re8 15. Nxe6 fxe6 16. Rc1 Qa5 17. Bb4 Qxa2 18. Be2 a5 19. Ra1 Qxa1 20. Qxa1 axb4 21. Qc1 bxc3 22. f3 Nd2 23. Rd1 Rec8 24. Bd3 Rc6 25. Qc2 e5 26. Bb5 Rcc8 27. Qd3 e4 28. fxe4 dxe4 29. Qc2 Rc5 30. Rxd2 cxd2 31. Bc4+ Kh8 32. Qxd2 Rxc4 33. h3 b5 34. Qb2 Rb8 35. h4 b4 36. h5 h6 37. Qe5 Rcc8 38. g4 Nxg4 39. Qe7 b3 40. Qxe4 b2 0-1


[Site "https://www.chess.com"]

[Event "Titled Tuesday Blitz April 18 Late 2023"]
[White "Ward, Ieuan C"]
[Black "Riff, Vincent"]
[WhiteFideId "406627"]
[BlackFideId "617776"]
[WhiteElo "2328"]
[BlackElo "2369"]
[Result "0-1"]
[Round "02"]
[TimeControl "180+2"]
[Date "2023.04.18"]
[WhiteClock "0:00:02"]
[BlackClock "0:00:45"]

1. e4 c5 2. Nf3 Nc6 3. d4 cxd4 4. c3 Nf6 5. e5 Nd5 6. cxd4 d6 7. Bc4 dxe5 8. Nxe5 Be6 9. Nxc6 bxc6 10. O-O g6 11. Qa4 Rc8 12. Ba6 Rc7 13. Nc3 Bg7 14. Nxd5 Bxd5 15. Bf4 Rd7 16. Be5 O-O 17. Bxg7 Kxg7 18. Rad1 e6 19. b3 Qg5 20. f3 Rfd8 21. Qa5 h5 22. Qd2 Qf6 23. Qe3 h4 24. h3 Rh8 25. Rc1 Rh5 26. Bd3 Rg5 27. Kh1 Rg3 28. Kh2 Rd8 29. Rf2 Rh8 30. Be4 Rh5 31. Bxd5 cxd5 32. Rc7 Rhg5 33. Rxa7 Qd8 34. Qf4 Rf5 35. Qc7 Qg5 36. Qe7 Rxh3+ 37. Kg1 Qc1+ 38. Rf1 Qe3+ 39. Rf2 Rh1+ 40. Kxh1 Qxf2 41. Qxe6 h3 42. g4 Qxf3+ 43. Kg1 Qg2# 0-1


[Site "https://www.chess.com"]

[Event "Titled Tuesday Blitz April 18 Late 2023"]
[White "sebastianmarinp"]
[Black "Brodowski, Piotr"]
[BlackFideId "1124480"]
[WhiteElo "2304"]
[BlackElo "2351"]
[Result "0-1"]
[Round "02"]
[TimeControl "180+2"]
[Date "2023.04.18"]
[WhiteClock "0:00:02"]
[BlackClock "0:00:33"]

1. e4 d6 2. d4 Nf6 3. Nc3 g6 4. Nf3 Bg7 5. Be2 O-O 6. O-O Bg4 7. Be3 Nc6 8. d5 Bxf3 9. Bxf3 Ne5 10. Be2 e6 11. f4 Ned7 12. dxe6 fxe6 13. Bf3 Qe7 14. Kh1 e5 15. Nd5 Nxd5 16. Qxd5+ Kh8 17. f5 c6 18. Qd3 gxf5 19. exf5 d5 20. Bg4 e4 21. Qd2 Ne5 22. Be2 b6 23. Bg5 Bf6 24. Bxf6+ Qxf6 25. c4 Rad8 26. cxd5 cxd5 27. Qf4 Nf7 28. b3 Qe5 29. Qh4 d4 30. Bc4 Nd6 31. f6 Nxc4 32. bxc4 e3 33. Qh6 Rf7 34. Rae1 Rdf8 35. Rf3 Rxf6 36. Qxf8+ Rxf8 37. Rxf8+ Kg7 38. Rd8 Qe4 39. Kg1 d3 40. Rd7+ Kg6 41. Rf1 e2 42. Rd6+ Kg5 43. Rd5+ Qxd5 44. cxd5 d2 45. h4+ Kg4 46. Kf2 exf1=Q+ 0-1


[Site "https://www.chess.com"]

[Event "Titled Tuesday Blitz April 18 Late 2023"]
[White "lluiss"]
[Black "Kosteniuk, Alexandra"]
[BlackFideId "4128125"]
[WhiteElo "2301"]
[BlackElo "2453"]
[Result "0-1"]
[Round "02"]
[TimeControl "180+2"]
[Date "2023.04.18"]
[WhiteClock "0:00:23"]
[BlackClock "0:01:05"]

1. Nf3 f5 2. c4 Nf6 3. g3 g6 4. Bg2 Bg7 5. O-O O-O 6. Nc3 a5 7. Rb1 d6 8. d4 Bd7 9. d5 Na6 10. Nd4 Nc5 11. b3 Qe8 12. Bb2 c6 13. a3 e5 14. dxe6 Nxe6 15. Nxe6 Qxe6 16. Qd3 Rad8 17. Rfe1 Ng4 18. Rbd1 Bc8 19. a4 Qf7 20. Rf1 Bf6 21. f4 Qg7 22. h3 Nh6 23. Rd2 Rfe8 24. Rc1 Re7 25. e4 fxe4 26. Bxe4 Bxh3 27. Ne2 Bxb2 28. Rxb2 Qxb2 0-1


[Site "https://www.chess.com"]

[Event "Titled Tuesday Blitz April 18 Late 2023"]
[White "Djokic, Mihailo"]
[Black "Rosenberg, Evan S"]
[WhiteFideId "976440"]
[BlackFideId "2019299"]
[WhiteElo "2294"]
[BlackElo "2300"]
[Result "1-0"]
[Round "02"]
[TimeControl "180+2"]
[Date "2023.04.18"]
[WhiteClock "0:00:48"]
[BlackClock "0:00:08"]

1. e4 e5 2. Nf3 Nc6 3. Nc3 Nf6 4. Bb5 Nd4 5. Ba4 c6 6. Nxe5 d6 7. Nf3 Bg4 8. d3 d5 9. Be3 Nxf3+ 10. gxf3 Bh3 11. exd5 Nxd5 12. Qe2 Be7 13. Nxd5 Qxd5 14. Bb3 Qe5 15. O-O-O O-O-O 16. f4 Qf6 17. Rhg1 Rhe8 18. Qf3 Bf5 19. Rge1 Bb4 20. Re2 Re7 21. a3 Bxa3 22. bxa3 Qa1+ 23. Kd2 Qxa3 24. Ke1 Bxd3 25. cxd3 Qxb3 26. Qg4+ Re6 27. Qxg7 Rxd3 28. Qf8+ Kc7 29. Qxf7+ Kd8 30. Rxd3+ Qxd3 31. Rd2 1-0


[Site "https://www.chess.com"]

[Event "Titled Tuesday Blitz April 18 Late 2023"]
[White "Boder, Jan"]
[Black "Matinian, Nikita"]
[WhiteFideId "16243226"]
[BlackFideId "24129100"]
[WhiteElo "2241"]
[BlackElo "2422"]
[Result "1-0"]
[Round "02"]
[TimeControl "180+2"]
[Date "2023.04.18"]
[WhiteClock "0:00:14"]
[BlackClock "0:00:02"]

1. c4 e5 2. g3 Nc6 3. Bg2 g6 4. Nc3 Bg7 5. Rb1 a5 6. a3 h5 7. Nf3 Nge7 8. b4 axb4 9. axb4 d6 10. b5 Nd4 11. h4 Bg4 12. e3 Nxf3+ 13. Bxf3 Qc8 14. d3 f5 15. O-O Bxf3 16. Qxf3 e4 17. Nxe4 fxe4 18. Qxe4 d5 19. cxd5 Qd7 20. b6 c6 21. dxc6 Qxc6 22. Qxc6+ Nxc6 23. Bb2 Bxb2 24. Rxb2 Kd7 25. d4 Rhf8 26. Kg2 Rf5 27. e4 Rfa5 28. d5 Ne7 29. Rc1 Rc8 30. Rbc2 Rxc2 31. Rxc2 Ra4 32. f3 Kd6 33. Rc7 Ra2+ 34. Kh3 Rf2 35. e5+ Kxe5 36. Rxe7+ Kxd5 37. Rxb7 Rxf3 38. Rg7 Rf6 39. b7 Rb6 40. Kg2 Ke4 41. Re7+ Kf5 42. Rc7 Kg4 43. Rc4+ Kf5 44. Rc5+ Kf6 45. Rc6+ Kf5 46. Rxb6 1-0


[Site "https://www.chess.com"]

[Event "Titled Tuesday Blitz April 18 Late 2023"]
[White "Manukyan, Sargis A."]
[Black "Garmash, Aliona"]
[WhiteFideId "13303970"]
[BlackFideId "34127620"]
[WhiteElo "2187"]
[BlackElo "1959"]
[Result "1-0"]
[Round "02"]
[TimeControl "180+2"]
[Date "2023.04.18"]
[WhiteClock "0:00:44"]
[BlackClock "0:00:02"]

1. d4 d5 2. c4 c6 3. Nc3 dxc4 4. a4 e5 5. e3 exd4 6. exd4 Be6 7. Nf3 Na6 8. Ne5 Nb4 9. Bxc4 Qxd4 10. Qxd4 Nc2+ 11. Kf1 Nxd4 12. Bxe6 Nxe6 13. Be3 Bd6 14. Nc4 Bc7 15. Ke2 Nf6 16. Rad1 O-O 17. h3 a6 18. a5 Rad8 19. g4 h6 20. b4 Nd5 21. Nxd5 cxd5 22. Nb2 d4 23. Bd2 Rd5 24. Nd3 Rfd8 25. f4 Bd6 26. Kf3 Nc7 27. Rc1 Rb5 28. Rc4 Rd5 29. Re1 Nb5 30. Re4 Bf8 31. Re5 Rxe5 32. fxe5 f6 33. exf6 gxf6 34. Rc1 Kf7 35. h4 Rd5 36. h5 f5 37. Nf4 fxg4+ 38. Kxg4 Rg5+ 39. Kf3 Re5 40. Rf1 Kg8 41. Rg1+ Kf7 42. Rf1 Kg8 43. Rg1+ Kf7 44. Rg6 Nd6 45. Rg4 Nc4 46. Bc1 Re1 47. Nd3 Rd1 48. Ke2 Rh1 49. Rxd4 1-0


[Site "https://www.chess.com"]

[Event "Titled Tuesday Blitz April 18 Late 2023"]
[White "Prohaszka, Peter"]
[Black "Cigan, Jason"]
[WhiteFideId "726265"]
[BlackFideId "2064022"]
[WhiteElo "2626"]
[BlackElo "2000"]
[Result "1-0"]
[Round "02"]
[TimeControl "180+2"]
[Date "2023.04.18"]
[WhiteClock "0:01:14"]
[BlackClock "0:01:13"]

1. d4 Nf6 2. c3 g6 3. Bg5 Bg7 4. Nd2 d6 5. Ngf3 O-O 6. e4 c5 7. d5 h6 8. Bf4 e6 9. dxe6 fxe6 10. e5 Nh5 11. Be3 Nc6 12. exd6 Qxd6 13. Ne4 Qxd1+ 14. Rxd1 b6 15. Bb5 Ne5 16. Nxe5 Bxe5 17. Bxh6 Bg7 18. Bxg7 Kxg7 19. O-O Nf4 20. Rfe1 Rb8 21. Nd6 Bb7 22. Nxb7 Rxb7 23. Bf1 Rbf7 24. Rd2 Rf5 25. g3 Nd5 26. Rxe6 1-0


[Site "https://www.chess.com"]

[Event "Titled Tuesday Blitz April 18 Late 2023"]
[White "Sailer, Mike"]
[Black "Korchmar, Vasiliy"]
[WhiteFideId "2012901"]
[BlackFideId "24131750"]
[WhiteElo "2109"]
[BlackElo "2370"]
[Result "0-1"]
[Round "02"]
[TimeControl "180+2"]
[Date "2023.04.18"]
[WhiteClock "0:00:48"]
[BlackClock "0:01:29"]

1. d4 d5 2. Bg5 Nf6 3. Bxf6 gxf6 4. Nc3 c5 5. Nf3 cxd4 6. Qxd4 e6 7. O-O-O Nc6 8. Qh4 Be7 9. e4 f5 10. Qh5 fxe4 11. Nxe4 Qc7 12. Nc3 Bd7 13. Kb1 Qf4 14. g3 Qf6 15. Bb5 O-O-O 16. Bxc6 Bxc6 17. Ne5 Be8 18. f4 Bb4 19. Nb5 Bxb5 20. Qxf7 Rdf8 21. Qh5 Bd6 22. Rhe1 Bxe5 23. Rxe5 Kb8 24. Rde1 Bd7 25. Qe2 Rc8 26. c3 h5 27. Rxh5 Qg6+ 28. f5 Qxh5 0-1


[Site "https://www.chess.com"]

[Event "Titled Tuesday Blitz April 18 Late 2023"]
[White "Bilych, Olexiy"]
[Black "mestrefeitosa19"]
[WhiteFideId "14156504"]
[WhiteElo "2320"]
[BlackElo "2200"]
[Result "1-0"]
[Round "02"]
[TimeControl "180+2"]
[Date "2023.04.18"]
[WhiteClock "0:01:51"]
[BlackClock "0:01:40"]

1. d4 d5 2. c4 e6 3. Nf3 Nf6 4. Nc3 Be7 5. Bg5 O-O 6. e3 b6 7. Qc2 Bb7 8. cxd5 Nxd5 9. Bxe7 Qxe7 10. Nxd5 Bxd5 11. Bd3 h6 12. O-O Rc8 13. Ne5 c5 14. Bh7+ Kh8 15. Bg6 Rf8 16. Bxf7 Qg5 17. Ng6+ 1-0


[Site "https://www.chess.com"]

[Event "Titled Tuesday Blitz April 18 Late 2023"]
[White "Dubreuil, Julien"]
[Black "UnknownxArmy"]
[WhiteFideId "621285"]
[WhiteElo "2196"]
[BlackElo "2683"]
[Result "0-1"]
[Round "02"]
[TimeControl "180+2"]
[Date "2023.04.18"]
[WhiteClock "0:00:06"]
[BlackClock "0:02:44"]

1. e4 c6 2. Nf3 d5 3. exd5 cxd5 4. Ne5 Nc6 5. d4 Nf6 6. Bb5 Bd7 7. Nxd7 Qxd7 8. c3 e6 9. O-O Bd6 10. Re1 O-O 11. Nd2 h6 12. g3 a6 13. Bd3 b5 14. Nf3 b4 15. Ne5 Qc7 16. Nxc6 Qxc6 17. cxb4 Bxb4 18. Bd2 Bxd2 19. Qxd2 Rab8 20. b3 Qb6 21. Rac1 Rfc8 22. Rxc8+ Rxc8 23. Bb1 a5 24. Re3 a4 25. Rc3 Rb8 26. Qc2 g6 27. Rc8+ Rxc8 28. Qxc8+ Kg7 29. Qc5 Qa6 30. b4 Qe2 31. Bc2 Ng4 0-1


[Site "https://www.chess.com"]

[Event "Titled Tuesday Blitz April 18 Late 2023"]
[White "Horvath, Dominik"]
[Black "Florianovitz, Derlei Alex"]
[WhiteFideId "1642561"]
[BlackFideId "2114178"]
[WhiteElo "2407"]
[BlackElo "1953"]
[Result "1-0"]
[Round "02"]
[TimeControl "180+2"]
[Date "2023.04.18"]
[WhiteClock "0:00:24"]
[BlackClock "0:00:07"]

1. d4 Nf6 2. Nf3 d5 3. Bf4 c5 4. e3 Nc6 5. Nbd2 Bf5 6. c3 Qb6 7. Qb3 c4 8. Qxb6 axb6 9. Be2 b5 10. O-O b4 11. Rfc1 e6 12. Ne5 Nxe5 13. Bxe5 Nd7 14. Bg3 bxc3 15. Rxc3 Bb4 16. e4 Bxc3 17. bxc3 Bg6 18. Bd6 Bxe4 19. Nxe4 dxe4 20. Bxc4 Rc8 21. Bb5 Rxc3 22. Re1 f5 23. f3 e3 24. Bb4 Rc2 25. Rxe3 Rb2 26. a3 Rxb4 27. axb4 Ke7 28. d5 e5 29. Bxd7 Kxd7 30. Rxe5 g6 31. Re6 Rc8 32. Rb6 Kc7 33. Rf6 Rd8 34. Kf2 Rxd5 35. Ke3 Rb5 36. Rf7+ Kb8 37. Rxh7 Rxb4 38. Rg7 Rb6 39. h4 Rc6 40. Kd4 b5 41. Kd5 Rb6 42. Kc5 Rf6 43. Kxb5 Kc8 44. Kc5 Kd8 45. Kd5 Ke8 46. Ke5 Ra6 47. Kf4 Kf8 48. Rb7 Ra2 49. g3 Ra6 50. Kg5 Kg8 51. h5 gxh5 52. Kxf5 Ra5+ 53. Kf4 Kh8 54. Re7 Ra4+ 55. Re4 Ra1 56. Re5 Rh1 57. Kg5 Kh7 58. Re7+ Kg8 59. Kg6 Kf8 60. Rf7+ Kg8 61. Rc7 Kf8 62. Rf7+ Kg8 63. Rf5 Rh3 64. Rg5 Kf8 65. f4 Kg8 66. f5 Kf8 67. f6 h4 68. g4 Rf3 69. Rh5 Kg8 70. Rxh4 Rf2 71. g5 Ra2 72. Rb4 Ra8 73. Rb7 Kf8 74. Rh7 Kg8 75. f7+ Kf8 76. Rh8+ Ke7 77. Rxa8 1-0


[Site "https://www.chess.com"]

[Event "Titled Tuesday Blitz April 18 Late 2023"]
[White "Jaracz, Pawel"]
[Black "Kovacevic, Radmila"]
[WhiteFideId "1102222"]
[BlackFideId "933171"]
[WhiteElo "2438"]
[BlackElo "2194"]
[Result "1-0"]
[Round "02"]
[TimeControl "180+2"]
[Date "2023.04.18"]
[WhiteClock "0:01:17"]
[BlackClock "0:00:12"]

1. d4 e5 2. dxe5 Nc6 3. Nf3 Qe7 4. e3 Nxe5 5. Be2 Nf6 6. O-O Ng6 7. c4 c6 8. Nc3 d6 9. b3 h5 10. Ba3 Bg4 11. Nd4 O-O-O 12. b4 d5 13. Qb3 Ne5 14. cxd5 Nxd5 15. Nxd5 Rxd5 16. f3 Be6 17. Nxe6 fxe6 18. Rfd1 Qf6 19. Bb2 Qe7 20. b5 Nd7 21. bxc6 bxc6 22. Rac1 Kc7 23. Rxd5 exd5 24. Bd4 Nb6 25. a4 Qd6 26. a5 Nc8 27. Ba6 Be7 28. Qb7+ Kd8 29. Qxc8# 1-0


[Site "https://www.chess.com"]

[Event "Titled Tuesday Blitz April 18 Late 2023"]
[White "Dias, Joao Batista"]
[Black "Mihajlov, Sebastian"]
[WhiteFideId "2108240"]
[BlackFideId "1512110"]
[WhiteElo "1907"]
[BlackElo "2478"]
[Result "0-1"]
[Round "02"]
[TimeControl "180+2"]
[Date "2023.04.18"]
[WhiteClock "0:00:09"]
[BlackClock "0:00:49"]

1. e4 g6 2. d4 Bg7 3. Be3 d6 4. Qd2 a6 5. c4 Nc6 6. Nf3 Bg4 7. Nc3 Bxf3 8. gxf3 e5 9. d5 Nce7 10. h4 Nf6 11. O-O-O h6 12. Kb1 Nh5 13. Ne2 Qd7 14. b3 a5 15. Bh3 f5 16. Rhg1 Kf7 17. Qc2 Bf6 18. exf5 Nxf5 19. Ng3 Nhxg3 20. fxg3 a4 21. Bc1 axb3 22. axb3 b5 23. Bb2 bxc4 24. Qxc4 Rhb8 25. g4 Ne3 26. Qd3 Nxd1 27. Qxd1 Qb5 28. g5 hxg5 29. hxg5 Bg7 30. Be6+ Ke7 31. f4 Qxb3 32. Qxb3 Rxb3 33. Kc2 Rf3 34. Rh1 Rf2+ 35. Kc1 Rxf4 36. Rh7 Kf8 37. Rh1 e4 38. Bxg7+ Kxg7 39. Kb1 e3 40. Re1 Rb4+ 0-1


[Site "https://www.chess.com"]

[Event "Titled Tuesday Blitz April 18 Late 2023"]
[White "Aung Thant Zin"]
[Black "Amburgy, Ryan"]
[WhiteFideId "13000063"]
[BlackFideId "30924820"]
[WhiteElo "2278"]
[BlackElo "2134"]
[Result "0-1"]
[Round "02"]
[TimeControl "180+2"]
[Date "2023.04.18"]
[WhiteClock "0:01:58"]
[BlackClock "0:02:18"]

1. e4 e5 2. Nf3 Nc6 3. d4 exd4 4. Nxd4 Nf6 5. Nc3 Nxe4 6. Nxe4 Qe7 7. f3 d5 8. Nxc6 bxc6 9. Bd3 dxe4 10. fxe4 Be6 11. O-O Qc5+ 12. Kh1 Bd6 13. Qf3 O-O 14. Be3 Qe5 15. Bf4 Qxf4 16. Qxf4 Bxf4 17. Rxf4 Rfd8 18. Raf1 Kf8 19. b3 Ke7 20. h3 Rd4 21. Rg4 Bxg4 0-1


[Site "https://www.chess.com"]